Map: Bel'Shir Vestige LE (Void)

Players

Patience

  • Race: Protoss Protoss
  • Spawn Location: 11:00

TRUE - Winner!

  • Race: Zerg Zerg
  • Spawn Location: 5:00

Event: IEM XI Katowice - World Championship 2017

VOD

Have the link to the VOD?

Description

Time

  • Played on: March 3, 2017, 6:32 a.m.
  • Length: 7:16

All games in this series

Show
View Real Time Build Order
Export as new Build Order

Patience Protoss 

Build Orders: Oracle Opening 

Get SALT Encoding   

  12  0:02  Probe (Chrono Boost)  
  13  0:12  Probe (Chrono Boost)  
  14  0:20  Pylon  
  14  0:23  Probe (Chrono Boost)  
  15  0:39  Probe (Chrono Boost)  
  15  0:42  Gateway  
  16  0:49  Probe (Chrono Boost)  
  17  0:51  Assimilator  
  17  1:00  Probe (Chrono Boost)  
  18  1:10  Probe (Chrono Boost)  
  19  1:17  Pylon  
  19  1:21  Probe (Chrono Boost)  
  20  1:26  Zealot  
  20  1:31  Cybernetics Core  
  22  1:36  Probe (Chrono Boost)  
  23  1:42  Assimilator  
  24  1:48  Probe (Chrono Boost)  
  24  1:49  Zealot  
  26  2:01  Probe (Chrono Boost)  
  27  2:13  Warp Gate, Mothership Core (Chrono Boost)  
  27  2:15  Pylon  
  29  2:21  Stalker  
  31  2:35  Probe (Chrono Boost)  
  32  2:53  Probe (Chrono Boost)  
  32  2:56  Stargate  
  33  2:59  Adept  
  33  3:04  Probe (Chrono Boost)  
  36  3:13  Nexus  
  36  3:14  Probe (Chrono Boost)  
  36  3:16  Pylon  
  37  3:25  Probe (Chrono Boost)  
  38  3:36  Oracle  
  38  3:37  Probe (Chrono Boost)  
  42  3:46  Twilight Council  
  42  3:50  Gateway  
  42  3:51  Probe (Chrono Boost)  
  42  4:06  Probe (Chrono Boost)  
  42  4:07  Pylon  
  36  4:25  Probe (Chrono Boost)  
  36  4:27  Probe (Chrono Boost)  
  37  4:36  Resonating Glaives, Probe (Chrono Boost)  
  36  4:39  Probe (Chrono Boost)  
  36  4:43  Pylon  
  36  4:44  Gateway  
  36  4:45  Gateway  
  36  4:47  Probe (Chrono Boost)  
  36  4:51  Probe (Chrono Boost)  
  38  4:57  Probe (Chrono Boost)  
  35  5:03  Probe (Chrono Boost)  
  36  5:09  Adept, Probe (Chrono Boost)  
  36  5:10  Adept  
  42  5:15  Probe (Chrono Boost)  
  42  5:19  Probe (Chrono Boost)  
  43  5:27  Probe (Chrono Boost)  
  44  5:30  Adept x2  
  46  5:41  Stalker  
  46  5:46  Pylon  
  46  5:48  Adept  
  48  5:52  Adept  
  48  5:56  Adept  
  48  6:01  Probe (Chrono Boost)  
  48  6:02  Probe (Chrono Boost)  
  48  6:12  Adept  
  48  6:13  Adept x2  
  53  6:22  Gateway  
  42  6:36  Adept  
  42  6:37  Adept x2  
  48  6:44  Adept  
  48  6:59  Pylon  
  48  7:05  Adept  
Show
View Real Time Build Order
Export as new Build Order

TRUE Zerg - Winner!

Build Orders: 3 Hatch before Pool 

Get SALT Encoding   

  12  0:00  Drone  
  13  0:12  Overlord  
  13  0:17  Drone  
  14  0:30  Drone x2  
  16  0:49  Hatchery  
  15  1:09  Hatchery  
  14  1:13  Drone  
  15  1:30  Spawning Pool  
  15  1:32  Drone  
  15  1:34  Extractor  
  15  1:38  Drone  
  15  1:42  Drone  
  16  1:48  Drone  
  17  1:58  Drone  
  18  2:02  Drone  
  18  2:05  Drone  
  20  2:14  Drone  
  21  2:16  Queen, Drone  
  21  2:22  Zergling x2  
  25  2:28  Queen  
  27  2:35  Metabolic Boost  
  27  2:43  Drone  
  27  2:44  Overlord  
  27  2:51  Drone  
  28  3:02  Overlord  
  28  3:03  Zergling x2  
  28  3:04  Zergling x6  
  32  3:06  Zergling x2  
  32  3:12  Queen  
  33  3:14  Zergling x2  
  33  3:17  Overlord  
  36  3:21  Evolution Chamber  
  35  3:35  Queen  
  35  3:40  Drone  
  35  3:41  Drone x4  
  41  3:42  Drone x2  
  43  4:05  Overlord  
  43  4:13  Overlord  
  43  4:20  Queen  
  43  4:23  Zergling x14  
  43  4:24  Zergling x4  
  50  4:30  Zerg Melee Weapons Level 1  
  49  4:34  Zergling x4  
  51  4:42  Queen  
  53  4:48  Hatchery  
  50  4:55  Zergling x12  
  55  5:03  Overlord  
  55  5:05  Zergling x6  
  58  5:10  Overlord  
  58  5:21  Queen  
  58  5:28  Zergling x12  
  59  5:30  Zergling x4  
  59  5:31  Zergling x2  
  63  5:36  Zergling x2  
  63  5:39  Zergling x2  
  63  5:41  Queen  
  65  5:47  Zergling x2  
  65  5:48  Zergling x2  
  65  5:57  Zergling x2  
  65  5:58  Zergling x2  
  65  6:00  Zergling x4  
  65  6:01  Drone  
  65  6:02  Queen  
  65  6:03  Drone x3  
  70  6:04  Drone  
  71  6:14  Drone  
  67  6:18  Drone  
  64  6:29  Zergling x2  
  64  6:30  Zergling x2  
  64  6:32  Zergling x8  
  66  6:33  Queen x2  
  66  6:35  Zergling x2  
  66  6:36  Zergling x4  
  73  6:43  Zergling x2  
  73  6:45  Zergling x2  
  75  6:52  Zergling x2  
  75  6:53  Zergling x4  
  76  6:54  Zergling x4  

Tags
 
Add a new tag
Caveats
  • Supply blocks, unpowered buildings, or Contaminate may cause inaccurate times.
  • Supply counts are checked every 10 seconds.